 Dungeon Crawl Stone Soup version 0.22-a0-377-g846bec1 (webtiles) character file.

58 iamserjio the Charmwright (level 3, 5/27 HPs)
             Began as a Demonspawn Skald on Apr 27, 2018.
             Quit the game on level 2 of the Dungeon.
             The game lasted 00:03:36 (1149 turns).

iamserjio the Charmwright (Demonspawn Skald)        Turns: 1149, Time: 00:03:37

Health: 5/27       AC:  5    Str: 12    XL:     3   Next: 76%
Magic:  2/6        EV: 11    Int: 14    God:
Gold:   18         SH:  0    Dex: 12    Spells: 5/6 levels left

rFire    . . .     SeeInvis .   a - +0 mace
rCold    . . .     Gourm    .   (no shield)
rNeg     . . .     Faith    .   b - +0 leather armour
rPois    .         Spirit   .   (no helmet)
rElec    .         Reflect  .   (no cloak)
rCorr    .         Harm     .   (no gloves)
MR       .....                  (no boots)
Stlth    +.........             (no amulet)
HPRegen  0.09/turn              (no ring)
MPRegen  0.10/turn              (no ring)

@: lethally poisoned (5 -> -18), hasted, very quick
A: molten scales 1
a: no special abilities


You were on level 2 of the Dungeon.
You were hungry.

You visited 1 branch of the dungeon, and saw 2 of its levels.

You collected 18 gold pieces.

Inventory:

Hand Weapons
 a - a +0 mace (weapon)
Armour
 b - a +0 leather armour (worn)
 c - a cursed +0 leather armour
Scrolls
 g - a scroll of identify {unknown}
Potions
 e - a potion of haste
Comestibles
 d - 2 rations


   Skills:
 - Level 2.0 Fighting
 * Level 2.7 Maces & Flails
 + Level 1.6 Armour
 - Level 1.7 Dodging
 - Level 2.0 Spellcasting
 * Level 3.4 Charms


You had 5 spell levels left.
You knew the following spells:

 Your Spells              Type           Power        Failure   Level  Hunger
a - Infusion              Chrm           ##..         8%          1    ##.....


Dungeon Overview and Level Annotations

Branches:
Dungeon (2/15)

Altars:


Innate Abilities, Weirdness & Mutations

You are partially covered in molten scales. (AC +2)


Message History

You kill Robin!
* * * LOW HITPOINT WARNING * * *
You feel sick.
This spell is slightly dangerous to cast.
Memorise Regeneration, consuming 3 spell levels and leaving 2?
Your memorisation is interrupted.
* * * LOW HITPOINT WARNING * * *
You feel sick.
Casting: Infusion (safe; 8% risk of failure)
Confirm with . or Enter, or press ? or * to list all spells.
Okay, then.
This spell is slightly dangerous to cast.
Memorise Regeneration, consuming 3 spell levels and leaving 2?
Your memorisation is interrupted.
* * * LOW HITPOINT WARNING * * *
You feel sick.
Okay, then.
Quiver which item? (- for none, * to show all) (? for menu, Esc to quit)
Okay, then.
Are you sure you want to abandon this character and quit the game? (Confirm with "yes".)

#.# #.....#
#.# #.###.#
#.# #.# #.#
#.# #.#
#.######
#)# #.#
#.......
#.# #.#
########
#.# #.#
#)#######.#
#))@......#
#########.#
#.# #.# ###


There were no monsters in sight!

Vanquished Creatures
  Robin (D:2)
  2 adders (D:2)
  A dart slug (D:1)
  2 bats
  2 giant cockroaches
  3 hobgoblins
  4 jackals (D:1)
  3 frilled lizards
  9 goblins
  A kobold (D:1)
  A rat (D:1)
29 creatures vanquished.

Notes
Turn   | Place    | Note
-------+----------+-------------------------------------------
     0 | D:1      | iamserjio the Demonspawn Skald began the quest for the Orb.
     0 | D:1      | Reached XP level 1. HP: 16/16 MP: 3/3
    82 | D:1      | Reached skill level 1 in Armour
   125 | D:1      | Gained mutation: You are partially covered in molten scales. (AC +2) [demonic ancestry]
   125 | D:1      | Reached XP level 2. HP: 12/22 MP: 0/5
   355 | D:1      | Reached skill level 3 in Charms
   795 | D:2      | Reached XP level 3. HP: 22/27 MP: 0/6
  1051 | D:2      | Noticed Robin
  1146 | D:2      | Killed Robin
  1149 | D:2      | Quit the game

Vault maps used:
D:1:      dpeg_arrival_court
D:2:      vehumet_crystals, first_ration, uniq_robin, uniq_crazy_yiuf_cottage

Skill      XL: |  1  2 |
---------------+-------+-----
Armour         | 1 |  1.6
Maces & Flails | 2 |  2.7
Charms         | 3 |  3.4
Fighting       | |  2.0
Dodging        | |  1.7
Spellcasting   | |  2.0

Action                   || total
-------------------------++-------
Melee: Mace              ||    88
 Cast: Infusion          ||     6
  Use: Potion            ||     2
Armor: Leather armour    ||    31
Dodge: Dodged            ||    56

Table legend:
 A = Spawn XP
 B = Non-spawn XP
 C = Spawn XP percentage of total XP
 D = Spawn monster count
 E = Non-spawn monster count
 F = Spawn count percentage of total count
 G = Total turns spent on level
                    A         B        C        D         E        F      G
               +---------+---------+-------+---------+---------+-------+---------
         Total |       0 |      84 |   0.0 |       0 |      29 |   0.0 |  1149
               +---------+---------+-------+---------+---------+-------+---------
           D:1 |       0 |      27 |   0.0 |       0 |      15 |   0.0 |   737
           D:2 |       0 |      57 |   0.0 |       0 |      14 |   0.0 |   412
               +---------+---------+-------+---------+---------+-------+---------
